 Dungeon Crawl Stone Soup version 0.14-a0-1707-g75daffb (webtiles) character file.

152 Piginabag the Insei (level 4, 0/35 HPs)
             Began as a Demonspawn Monk on Jan 1, 2014.
             Killed from afar by an orc wizard (8 damage)
             ... with a magic dart
             ... on Level 3 of the Dungeon.
             The game lasted 00:04:36 (1676 turns).

Piginabag the Insei (Demonspawn Monk)               Turns: 1676, Time: 00:04:37

HP   0/35        AC 10     Str 12      XL: 4   Next: 39%
MP   4/4         EV  2     Int 12      God:
Gold 57          SH 20     Dex 15      Spells:  0 memorised,  3 levels left

rFire  . . .     SeeInvis .     r - +0,+1 orc mace
rCold  . . .     Clarity  .     m - +0 scale mail
rNeg   . . .     Conserve .     A - +0 large shield
rPois  .         rCorr    .     (helmet restricted)
rElec  .         rRot     .     C - +2 elf cloak
SustAb . .       Spirit   .     k - +0 pair of gloves (curse)
rMut   .         Warding  .     (no boots)
Saprov . . .     Stasis   .     (no amulet)
                                (no ring)
                                (no ring)

@: slightly resistant to hostile enchantments, very unstealthy
A: horns 1
a: no special abilities


You were on level 3 of the Dungeon.
You were hungry.

You visited 1 branch of the dungeon, and saw 3 of its levels.

You collected 57 gold pieces.

Inventory:

Hand weapons
 r - a +0,+1 orcish mace (weapon)
Missiles
 D - 5 curare-tipped needles
Armour
 k - a cursed +0 pair of gloves (worn)
 m - a +0 scale mail (worn)
 A - a +0 large shield (worn)
 C - a +2 elven cloak (worn)
Comestibles
 a - 2 meat rations
 b - a bread ration
 f - a beef jerky
 i - a sausage
 u - an orange
 z - a rambutan
 B - a rotting chunk of orc flesh
Scrolls
 c - 5 scrolls of identify {unknown}
 d - a scroll of curse weapon {unknown}
 e - 4 scrolls of remove curse {unknown}
 l - a scroll of enchant weapon I {unknown}
 o - a scroll of magic mapping {unknown}
 p - 2 scrolls of enchant armour {unknown}
 q - a scroll of fear {unknown}
 s - a scroll of enchant weapon II {unknown}
 t - 3 scrolls of teleportation {unknown}
 x - a scroll of curse armour {unknown}
Jewellery
 y - an uncursed ring of protection from cold {unknown}
Potions
 g - a potion of heal wounds {unknown}
 h - a potion of magic {unknown}
 j - a potion of lignification {unknown}
 n - a potion of might {unknown}
 v - a potion of speed {unknown}
 w - 3 potions of curing {unknown}


   Skills:
 + Level 3.4 Fighting
 + Level 0.5 Maces & Flails
 + Level 1.0 Armour
 + Level 3.3 Dodging
 + Level 2.0 Stealth
 + Level 4.3 Unarmed Combat


You had 3 spell levels left.
You didn't know any spells.

Dungeon Overview and Level Annotations

Branches:
Dungeon (3/16)

Altars:


Innate Abilities, Weirdness & Mutations

You have a pair of small horns on your head.


Message History

You block the orc wizard's attack. The orc hits you but does no damage.
The orc hits you but does no damage.
The orc wizard hits you with an orcish dagger.
The orc hits you but does no damage.
The orc hits you with an orcish hand axe.
The orc wizard casts a spell.
The orc wizard blinks!
You hit the orc.
You kill the orc!
You block the orc wizard's attack.
The orc wizard hits you but does no damage.
The orc hits you but does no damage. The orc wizard casts a spell at you.
The magic dart hits you!
* * * LOW HITPOINT WARNING * * *
You sock the orc!
You kill the orc!
The orc wizard gestures at you while chanting.
The magic dart hits you!
You die...

#..
#..#
..>#
#..#
#..#
#..#
#..#
#))#
#@o#
#..# #
#..#
#..#
#..#
#o.#
#..#
#..#
#######
#..#


You could see 2 orc wizards.

Vanquished Creatures
  2 adders (D:2)
  A worm (D:2)
  3 giant geckos
  An ooze (D:2)
  8 orcs (D:3)
  5 bats
  2 giant cockroaches
  4 goblins
  13 hobgoblins
  5 giant newts
  8 kobolds
  8 rats
60 creatures vanquished.

Notes
Turn   | Place    | Note
--------------------------------------------------------------
     0 | D:1      | Piginabag, the Demonspawn Monk, began the quest for the Orb.
     0 | D:1      | Reached XP level 1. HP: 18/18 MP: 1/1
   257 | D:1      | Gained mutation: You have a pair of small horns on your head. [demonic ancestry]
   257 | D:1      | Reached XP level 2. HP: 22/24 MP: 2/2
   401 | D:1      | Reached skill level 4 in Unarmed Combat
   778 | D:2      | Reached XP level 3. HP: 26/29 MP: 3/3
  1378 | D:3      | Reached XP level 4. HP: 35/35 MP: 4/4
  1599 | D:3      | Reached skill level 1 in Armour
  1676 | D:3      | Killed from afar by an orc wizard

Action                   |  1- 3 |  4- 6 || total
-------------------------+-------+-------++-------
Melee: Unarmed           |    48 |       ||    48
       Mace              |    68 |    35 ||   103
